 Dungeon Crawl Stone Soup version 0.19.1-1-g22dce08 (webtiles) character file.

243 Alarkh the Chopper (level 5, -7/61 HPs)
             Began as a Demonspawn Monk on Jan 11, 2017.
             Was a Priest of Trog.
             Mangled by a killer bee (8 damage)
             ... on level 4 of the Dungeon.
             The game lasted 00:02:14 (3076 turns).

Alarkh the Chopper (Demonspawn Monk)                Turns: 3076, Time: 00:02:15

Health: -7/61      AC:  2    Str: 17    XL:     5   Next: 82%
Magic:  5/5        EV: 13    Int: 12    God:    Trog [***...]
Gold:   115        SH:  0    Dex: 15    Spells: 0 memorised, 4 levels left

rFire  . . .     SeeInvis .     a - +0 hand axe
rCold  . . .     Gourm    .     b - +0 robe
rNeg   . . .     Faith    .     (no shield)
rPois  .         Spirit   .     (no helmet)
rElec  .         Reflect  .     (no cloak)
rCorr  .         Harm     .     (no gloves)
MR     .....                    (no boots)
Stlth  ..........               (no amulet)
                                (no ring)
                                d - ring of loudness (curse)

@: berserking, lethally poisoned (-7 -> -16), very quick
A: hooves 2, nightstalker 1
a: Berserk, Trog's Hand, Burn Spellbooks, Renounce Religion


You were on level 4 of the Dungeon.
You worshipped Trog.
Trog was most pleased with you.
You were hungry.

You visited 1 branch of the dungeon, and saw 4 of its levels.

You collected 115 gold pieces.

Inventory:

Hand Weapons
 a - a +0 hand axe (weapon)
Armour
 b - a +0 robe (worn)
Jewellery
 d - a cursed ring of loudness (left hand)
 m - a cursed ring of teleportation {unknown}
Scrolls
 e - 2 scrolls of remove curse {unknown}
 h - 2 scrolls of fear {unknown}
 k - 3 scrolls of magic mapping {unknown}
 l - a scroll of teleportation {unknown}
 o - 2 scrolls of identify {unknown}
 p - a scroll of immolation {unknown}
 q - a scroll of enchant weapon {unknown}
 r - a scroll of random uselessness {unknown}
Potions
 i - 2 potions of curing {unknown}
 j - a potion of might {unknown}
Comestibles
 c - 4 bread rations
 f - a slice of pizza
 g - a beef jerky
 n - a meat ration
 s - a chunk of flesh


   Skills:
 - Level 3.0 Fighting
 + Level 6.0 Axes
 - Level 2.6 Dodging
 - Level 1.7 Stealth


You had 4 spell levels left.
You didn't know any spells.

Dungeon Overview and Level Annotations

Branches:
Dungeon (4/15)
 Temple: D:4-7

Altars:
Ashenzari
Trog


Innate Abilities, Weirdness & Mutations

You have hoof-like feet.
You are slightly more attuned to the shadows.


Message History

You are lethally poisoned!
The killer bee poisons you! The killer bee stings you.
* * * LOW HITPOINT WARNING * * *
The killer bee barely misses you. The killer bee closely misses you.
You closely miss the killer bee. You kick the killer bee.
The killer bee is heavily wounded.
You closely miss the killer bee. You miss the killer bee.
You closely miss the killer bee.
* * * LOW HITPOINT WARNING * * *
You feel sick. The killer bee misses you. The killer bee closely misses you. x2
The killer bee completely misses you.
You slash the killer bee!
You kill the killer bee!
Trog accepts your kill.
Your Axes skill increases to level 6!
You barely miss the killer bee. You miss the killer bee.
You barely miss the killer bee.
* * * LOW HITPOINT WARNING * * *
You feel sick. The killer bee stings you!
You die...

########
#.......
#.......
#.y.....
#@†.....
#yy..>..
#.......
#.......
###.##.#
.# # ..


You could see 3 killer bees.

Vanquished Creatures
  A killer bee (D:4)
  2 orc wizards (D:3)
  Ijyb (D:3)
  3 gnolls (D:3)
  3 adders
  2 oozes (D:1)
  5 dart slugs
  A leopard gecko (D:2)
  4 orcs (D:3)
  2 giant cockroaches
  4 goblins
  4 hobgoblins
  A quokka (D:2)
  5 bats
  4 frilled lizards
  5 kobolds
  3 rats
50 creatures vanquished.

Notes
Turn   | Place    | Note
-------+----------+-------------------------------------------
     0 | D:1      | Alarkh the Demonspawn Monk began the quest for the Orb.
     0 | D:1      | Reached XP level 1. HP: 18/18 MP: 1/1
    20 | D:1      | Reached skill level 3 in Axes
    39 | D:1      | Gained mutation: You are slightly more attuned to the shadows. [demonic ancestry]
    39 | D:1      | Reached XP level 2. HP: 16/24 MP: 2/2
   424 | D:1      | Gained mutation: You have large cloven feet. [demonic ancestry]
   424 | D:1      | Reached XP level 3. HP: 18/29 MP: 3/3
  1052 | D:2      | Found a bloodstained altar of Trog.
  1057 | D:2      | Became a worshipper of Trog the Wrathful
  1057 | D:2      | Reached * piety under Trog
  1057 | D:2      | Reached ** piety under Trog
  1249 | D:2      | Found a shattered altar of Ashenzari.
  1414 | D:2      | Reached skill level 4 in Axes
  1801 | D:3      | Gained mutation: You have hoof-like feet. [demonic ancestry]
  1801 | D:3      | Reached XP level 4. HP: 24/35 MP: 4/4
  2069 | D:3      | Reached skill level 5 in Axes
  2075 | D:3      | Reached XP level 5. HP: 41/41 MP: 5/5
  2591 | D:3      | Noticed Ijyb
  2606 | D:3      | Killed Ijyb
  3074 | D:4      | HP: 2/61 [killer bee (4)]
  3076 | D:4      | Reached *** piety under Trog
  3076 | D:4      | Reached skill level 6 in Axes
  3076 | D:4      | Mangled by a killer bee

Skill      XL: |  1  2  3  4  5 |
---------------+----------------+-----
Axes           | 3 4 5 6 |  6.0
Fighting       | |  3.0
Dodging        | |  2.6
Stealth        | |  1.7

Action                   |  1- 3 |  4- 6 || total
-------------------------+-------+-------++-------
Melee: Hand axe          |    91 |    82 ||   173
       Kick              |     5 |    19 ||    24
Invok: Berserk           |     1 |     3 ||     4
 Stab: Sleeping          |     9 |     2 ||    11
  Eat: Chunk             |     2 |     8 ||    10
Armor: Robe              |    14 |    10 ||    24
Dodge: Dodged            |    57 |    78 ||   135
